 Dungeon Crawl Stone Soup version 0.29.1-2-gbd0b4ee654 (webtiles) character file.

Game seed: 3957059326620369151

17268 cdecastro the Spear-Bearer (level 12, 0/97 HPs)
             Began as a Gnoll Cinder Acolyte on Nov 13, 2022.
             Was a High Priest of Ignis.
             Slain by a cyclops (24 damage)
             ... on level 13 of the Dungeon.
             The game lasted 00:56:00 (18721 turns).

cdecastro the Spear-Bearer (Gnoll Cinder Acolyte)  Turns: 18721, Time: 00:56:01

Health: 0/97       AC: 18    Str: 14    XL:     12   Next: 46%
Magic:  7/24       EV: 13    Int: 18    God:    Ignis [*****.]
Gold:   209        SH:  0    Dex:  8    Spells: 10/27 levels left

rFire   + . .      SeeInvis .   U - +3 quarterstaff (chaos)
rCold   + . .      Faith    .   (shield currently unavailable)
rNeg    . . .      Spirit   .   T - +2 robe {Will+}
rPois   .          Reflect  .   v - +0 helmet
rElec   .          Harm     .   u - +2 cloak
rCorr   .          Rampage  .   B - +2 pair of gloves
Will    +....                   E - +0 pair of boots
Stlth   +++.......              (no amulet)
HPRegen 0.26/turn               x - +4 ring of protection
MPRegen 0.19/turn               d - ring of protection from cold

@: no status effects
A: fangs 1, strong nose, distributed training
a: Renounce Religion, Fiery Armour, Foxfire Swarm, Rising Flame


You were on level 13 of the Dungeon.
You worshipped Ignis.
Ignis was extremely pleased with you.
You visited 2 branches of the dungeon, and saw 14 of its levels.

You collected 966 gold pieces.
You spent 757 gold pieces at shops.

Inventory:

Hand Weapons
 j - a +2 short sword of venom
 D - a +3 battleaxe
 K - a +0 spectral quarterstaff
 U - a +3 quarterstaff of chaos (weapon)
Missiles
 c - 131 stones
 k - 2 boomerangs
 p - 4 atropa-tipped darts
 C - 2 curare-tipped darts
 F - 7 poisoned darts
 I - 9 javelins
Armour
 a - a +0 troll leather armour
 u - a +2 cloak (worn)
 v - a +0 helmet (worn)
 B - a +2 pair of gloves (worn)
 E - a +0 pair of boots (worn)
 T - a +2 robe of willpower (worn)
Jewellery
 d - a ring of protection from cold (right hand)
 x - a +4 ring of protection (left hand)
 z - a ring of resist corrosion
 L - the amulet of Muysiuq {Acrobat Fragile rC+++ Str+7}
   (You found it on level 8 of the Dungeon)

   [amulet of the acrobat]

   It increases your evasion while moving and waiting.
   Str:       It affects your strength (+7).
   rC:        It renders you almost immune to cold.
   Fragile:   It will be destroyed if unequipped.
 R - an amulet of guardian spirit
Wands
 t - a wand of iceblast (11)
 A - a wand of flame (32)
 G - a wand of acid (3)
 S - a wand of digging (3)
Scrolls
 b - 2 scrolls of noise
 f - 5 scrolls of teleportation
 g - 2 scrolls of silence {unknown}
 i - 4 scrolls of fear
 q - 3 scrolls of fog
 s - 2 scrolls of amnesia
 w - 2 scrolls of poison
 y - a scroll of blinking
 H - a scroll of immolation
 J - 2 scrolls of magic mapping
 N - a scroll of vulnerability
 O - 2 scrolls of enchant weapon
 Q - 3 scrolls of torment
 W - a scroll of enchant armour
Potions
 e - 5 potions of haste
 h - 3 potions of heal wounds
 l - 5 potions of flight
 m - 10 potions of curing
 n - 2 potions of lignification
 o - 3 potions of cancellation
 r - 3 potions of attraction
 M - a potion of magic
 P - a potion of brilliance
 V - 3 potions of resistance
 X - a potion of might {unknown}


   Skills:
 + Level 10.1 Fighting
 + Level 7.6 Short Blades
 + Level 7.6 Long Blades
 + Level 7.6 Axes
 + Level 7.6 Maces & Flails
 + Level 10.1 Polearms
 + Level 7.6 Staves
 + Level 7.6 Ranged Weapons
 + Level 7.6 Throwing
 + Level 7.6 Armour
 + Level 7.6 Dodging
 + Level 7.6 Stealth
 + Level 7.6 Shields
 + Level 7.6 Unarmed Combat
 + Level 8.1 Spellcasting
 + Level 6.3 Conjurations
 + Level 6.3 Hexes
 + Level 6.3 Summonings
 + Level 6.3 Necromancy
 + Level 6.3 Translocations
 + Level 6.3 Transmutations
 + Level 8.4 Fire Magic
 + Level 6.3 Ice Magic
 + Level 6.3 Air Magic
 + Level 6.3 Earth Magic
 + Level 6.3 Poison Magic
 + Level 8.3 Invocations
 + Level 7.6 Evocations


You had 10 spell levels left.
You knew the following spells:

 Your Spells              Type           Power      Damage    Failure   Level
a - Scorch                Fire           74%        2d9       1%          2
b - Blink                 Tloc           60%        N/A       1%          2
c - Mephitic Cloud        Conj/Pois/Air  30%        N/A       2%          3
d - Swiftness             Air            30%        N/A       2%          3
e - Flame Wave            Conj/Fire      34%        2d10      4%          4
f - Tukima's Dance        Hex            30%        N/A       2%          3

Your spell library contained the following spells:

 Spells                   Type           Power      Damage    Failure   Level
 Magic Dart               Conj           100%       1d8       1%          1
 Call Imp                 Summ           30%        N/A       1%          2
 Ensorcelled Hibernation  Hex/Ice        60%        N/A       1%          2
 Passwall                 Tmut/Erth      25%        N/A       1%          2
 Portal Projectile        Hex/Tloc       60%        N/A       2%          3
 Summon Guardian Golem    Hex/Summ       30%        N/A       2%          3
 Fulminant Prism          Conj/Hex       15%        3d11      7%          4
 Iskenderun's Mystic Bla  Conj/Tloc      30%        2d8       7%          4
 Fireball                 Conj/Fire      17%        3d9       13%         5
 Blade Hands              Tmut           15%        N/A       21%         5
 Iskenderun's Battlesphe  Conj           30%        2d8       21%         5
 Lee's Rapid Deconstruct  Erth           15%        3d11*     21%         5
 Manifold Assault         Tloc           30%        N/A       21%         5
 Conjure Ball Lightning   Conj/Air       15%        3x3d6     73%         6
 Summon Cactus Giant      Summ           15%        N/A       73%         6
 Orb of Destruction       Conj           15%        9d7       99%         7
 Spellforged Servitor     Conj/Summ      15%        N/A       99%         7
 Storm Form               Tmut/Air       15%        N/A       99%         7


Dungeon Overview and Level Annotations

Branches:
Dungeon (13/15)            Temple (1/1) D:7            Lair (0/5) D:8
    Orc (0/2) D:10
 Vaults: D:13-14

Altars:
Ashenzari
Cheibriados
Dithmenos
Elyvilon
Fedhas
Gozag
Hepliaklqana
Kikubaaqudgha
Makhleb
Nemelex Xobeh
Okawaru
Qazlal
Ru
Sif Muna
Trog
Uskayaw
Vehumet
Wu Jian
Xom
Yredelemnul
Zin
The Shining One

Shops:
D:5 *   D:11 ?(:=

Annotations:
D:10 exclusion: kobold demonologist
D:11 2 transporters, exclusion: centaur, ZoeForever1's ghost, journeyman DsTm
D:13 exclusion: efreet


Innate Abilities, Weirdness & Mutations

You have very sharp teeth.
Your uncanny sense of smell can sniff out nearby items.
Your experience applies equally to all skills.


Message History

Unknown command.
Casting: Scorch (safe; 1% risk of failure)
Press: ? - help, Q - select action, (/) - cycle Dir - look around, f - activate Flames lash the catoblepas.
The catoblepas is lightly wounded.
The catoblepas's fire resistance burns away.
The catoblepas is engulfed in noxious fumes.
The catoblepas gores you!
Casting: Scorch (safe; 1% risk of failure)
Press: ? - help, Q - select action, (/) - cycle Dir - look around, f - activate Flames lash the cyclops but do no damage.
The cyclops is engulfed in noxious fumes.
The catoblepas is engulfed in noxious fumes.
The catoblepas appears confused.
Casting: Scorch (safe; 1% risk of failure)
Press: ? - help, Q - select action, (/) - cycle Dir - look around, f - activate Flames lash the catoblepas.
The catoblepas is lightly wounded.
The catoblepas gores the cyclops!
The cyclops hits you but does no damage.
Casting: Scorch (safe; 1% risk of failure)
Press: ? - help, Q - select action, (/) - cycle Dir - look around, f - activate Flames lash the catoblepas.
The catoblepas is burned terribly!
The catoblepas is moderately wounded.
The cyclops closely misses you.
Unknown command.
Casting: Scorch (safe; 1% risk of failure)
Press: ? - help, Q - select action, (/) - cycle Dir - look around, f - activate Flames lash the catoblepas but do no damage.
The catoblepas seems less confused.
Unknown command.
Casting: Scorch (safe; 1% risk of failure)
Press: ? - help, Q - select action, (/) - cycle Dir - look around, f - activate Flames lash the cyclops.
The cyclops is moderately wounded.
The cyclops's fire resistance burns away.
The catoblepas gores you!!
* * * LOW HITPOINT WARNING * * *
The cyclops hits you!!
You die...

##########
.........######
...............
...............
........>......
......°.......)
.......Y.°.....
..!....@C#
........?#
.........#
##########


You could see a catoblepas (combustible) and a cyclops (combustible).

Vanquished Creatures
  Josephine (D:11)
  A boulder beetle (D:11)
  6 two-headed ogres
  A skeletal warrior (D:13)
  Pikel (D:8)
  A manticore (D:6)
  A gargoyle (D:11)
  A komodo dragon (D:8)
  2 trolls
  2 hornets
  Sigmund (D:3)
  A vampire (D:9)
  17 yaks
  2 shadows
  7 wraiths
  A wyvern (D:11)
  A basilisk (shapeshifter) (D:11)
  Grum (D:8)
  A steam dragon (D:6)
  2 basilisks
  3 vampire mosquitoes (D:12)
  2 acid dragons
  2 water moccasins
  2 ice beasts
  2 orc warriors
  2 black bears
  6 ogres
  5 wolves (D:8)
  7 centaurs
  3 phantoms
  A kobold brigand (D:8)
  2 gnoll sergeants
  3 bullfrogs
  A necrophage (D:7)
  A water moccasin zombie (D:7)
  A scorpion (D:5)
  3 wights (D:7)
  4 killer bees (D:9)
  An electric eel (D:8)
  2 howler monkeys
  A centaur zombie (D:7)
  A bullfrog zombie (D:7)
  3 jellies
  Crazy Yiuf (D:3)
  A human zombie (D:7)
  4 orc priests
  2 hounds
  Jessica (D:3)
  3 iguanas
  2 orc wizards
  2 killer bee zombies (D:7)
  A mummy (D:7)
  A howler monkey zombie (D:7)
  Robin (D:3)
  11 gnolls
  7 adders
  A shadow imp (D:8)
  5 white imps
  A howler monkey simulacrum (D:8)
  An ufetubus (D:8)
  2 worms (D:2)
  37 orcs
  5 ball pythons
  8 bats
  7 endoplasms
  3 giant cockroaches
  14 goblins
  11 hobgoblins
  7 jackals
  8 kobolds
  4 quokkas
  4 frilled lizards
  10 rats
274 creatures vanquished.

Vanquished Creatures (others)
  A fungus (D:3)
  5 plants (D:8)
6 creatures vanquished.

Grand Total: 280 creatures vanquished

Notes
Turn   | Place    | Note
-------+----------+-------------------------------------------
     0 | D:1      | cdecastro the Gnoll Cinder Acolyte began the quest for the
                  | Orb.
     0 | D:1      | Reached XP level 1. HP: 23/23 MP: 4/4
   298 | D:1      | Reached XP level 2. HP: 25/29 MP: 5/5
   355 | D:1      | Learned a level 2 spell: Scorch
  1205 | D:2      | Reached XP level 3. HP: 35/35 MP: 1/7
  1485 | D:2      | Reached skill level 1 in Invocations
  1775 | D:2      | Reached skill level 1 in Short Blades
  1775 | D:2      | Reached skill level 1 in Long Blades
  1775 | D:2      | Reached skill level 1 in Axes
  1775 | D:2      | Reached skill level 1 in Maces & Flails
  1775 | D:2      | Reached skill level 1 in Staves
  1775 | D:2      | Reached skill level 1 in Ranged Weapons
  1775 | D:2      | Reached skill level 1 in Throwing
  1775 | D:2      | Reached skill level 1 in Armour
  1775 | D:2      | Reached skill level 1 in Dodging
  1775 | D:2      | Reached skill level 1 in Stealth
  1775 | D:2      | Reached skill level 1 in Shields
  1775 | D:2      | Reached skill level 1 in Unarmed Combat
  1775 | D:2      | Reached skill level 1 in Evocations
  2010 | D:2      | Reached XP level 4. HP: 41/41 MP: 8/8
  2289 | D:3      | Found a shadowy altar of Dithmenos.
  2296 | D:3      | Found a sparkling altar of Nemelex Xobeh.
  2580 | D:3      | Noticed Jessica
  2597 | D:3      | Reached skill level 1 in Conjurations
  2597 | D:3      | Reached skill level 1 in Hexes
  2597 | D:3      | Reached skill level 1 in Summonings
  2597 | D:3      | Reached skill level 1 in Necromancy
  2597 | D:3      | Reached skill level 1 in Translocations
  2597 | D:3      | Reached skill level 1 in Transmutations
  2597 | D:3      | Reached skill level 1 in Ice Magic
  2597 | D:3      | Reached skill level 1 in Air Magic
  2597 | D:3      | Reached skill level 1 in Earth Magic
  2597 | D:3      | Reached skill level 1 in Poison Magic
  2626 | D:3      | Killed Jessica
  2703 | D:3      | Reached XP level 5. HP: 40/47 MP: 7/9
  3093 | D:3      | Found a faded altar of an unknown god.
  3093 | D:3      | Noticed Sigmund
  3096 | D:3      | Killed Sigmund
  3097 | D:3      | Reached XP level 6. HP: 53/53 MP: 3/11
  3396 | D:3      | Found a runed translucent door.
  3397 | D:3      | Noticed Crazy Yiuf
  3577 | D:4      | Noticed a black bear
  3650 | D:3      | Noticed Robin
  3667 | D:3      | Killed Robin
  4160 | D:4      | Reached XP level 7. HP: 45/60 MP: 3/12
  4645 | D:3      | Reached XP level 8. HP: 57/67 MP: 7/14
  4870 | D:4      | Found Qurum's Magic Scroll Emporium.
  4876 | D:4      | Bought a scroll of teleportation for 39 gold pieces
  4876 | D:4      | Bought a scroll of identify for 26 gold pieces
  4876 | D:4      | Bought a scroll of fear for 52 gold pieces
  4876 | D:4      | Bought a scroll of poison for 52 gold pieces
  5331 | D:5      | Entered Level 5 of the Dungeon
  5841 | D:5      | Found Ysoemmur's Neck Hole.
  6729 | D:6      | Reached XP level 9. HP: 73/73 MP: 4/16
  7095 | D:6      | Reached skill level 5 in Spellcasting
  7782 | D:6      | Noticed a manticore
  8168 | D:7      | Found an ancient bone altar of Kikubaaqudgha.
  8366 | D:7      | Reached skill level 5 in Invocations
  8721 | D:7      | Found a staircase to the Ecumenical Temple.
  8734 | Temple   | Entered the Ecumenical Temple
  9523 | D:8      | Identified the amulet of Muysiuq {Acrobat Fragile rC+++
                  | Str+7}
  9663 | D:8      | Noticed Grum
  9674 | D:8      | Reached skill level 5 in Short Blades
  9674 | D:8      | Reached skill level 5 in Long Blades
  9674 | D:8      | Reached skill level 5 in Axes
  9674 | D:8      | Reached skill level 5 in Maces & Flails
  9674 | D:8      | Reached skill level 5 in Staves
  9674 | D:8      | Reached skill level 5 in Ranged Weapons
  9674 | D:8      | Reached skill level 5 in Throwing
  9674 | D:8      | Reached skill level 5 in Armour
  9674 | D:8      | Reached skill level 5 in Dodging
  9674 | D:8      | Reached skill level 5 in Stealth
  9674 | D:8      | Reached skill level 5 in Shields
  9674 | D:8      | Reached skill level 5 in Unarmed Combat
  9674 | D:8      | Reached skill level 5 in Evocations
  9674 | D:8      | Reached XP level 10. HP: 75/81 MP: 4/18
  9692 | D:8      | Killed Grum
 10207 | D:8      | Noticed Pikel
 10247 | D:8      | Killed Pikel
 10520 | D:8      | Found a staircase to the Lair.
 10839 | D:9      | Noticed a two-headed ogre
 11186 | D:9      | Killed a two-headed ogre
 11248 | D:9      | Learned a level 2 spell: Blink
 11252 | D:9      | Learned a level 3 spell: Mephitic Cloud
 11256 | D:9      | Learned a level 3 spell: Swiftness
 12091 | D:9      | Reached skill level 5 in Conjurations
 12091 | D:9      | Reached skill level 5 in Hexes
 12091 | D:9      | Reached skill level 5 in Summonings
 12091 | D:9      | Reached skill level 5 in Necromancy
 12091 | D:9      | Reached skill level 5 in Translocations
 12091 | D:9      | Reached skill level 5 in Transmutations
 12091 | D:9      | Reached skill level 5 in Ice Magic
 12091 | D:9      | Reached skill level 5 in Air Magic
 12091 | D:9      | Reached skill level 5 in Earth Magic
 12091 | D:9      | Reached skill level 5 in Poison Magic
 12091 | D:9      | Reached XP level 11. HP: 84/89 MP: 14/21
 12359 | D:10     | Entered Level 10 of the Dungeon
 12376 | D:10     | Found a staircase to the Orcish Mines.
 13111 | D:10     | Noticed a two-headed ogre
 13120 | D:10     | Killed a two-headed ogre
 13565 | D:11     | Noticed Josephine
 13565 | D:11     | Found Gaepuh's Weapon Shop.
 14017 | D:11     | Noticed a manticore
 14018 | D:11     | Noticed a steelbarb worm
 14019 | D:11     | Noticed a moth of wrath
 14019 | D:11     | a steelbarb worm changed into a moth of wrath
 14022 | D:11     | Noticed a fire crab
 14022 | D:11     | a moth of wrath changed into a fire crab
 14201 | D:11     | Killed Josephine
 14471 | D:4      | Bought a scroll of torment for 123 gold pieces
 14471 | D:4      | Bought 2 scrolls of noise for 26 gold pieces
 14471 | D:4      | Bought a scroll of identify for 26 gold pieces
 14471 | D:4      | Bought a scroll of torment for 123 gold pieces
 14471 | D:4      | Bought a scroll of identify for 26 gold pieces
 14471 | D:4      | Bought a scroll of amnesia for 52 gold pieces
 14471 | D:4      | Bought a scroll of identify for 26 gold pieces
 14524 | D:3      | Killed Crazy Yiuf
 14661 | D:6      | Killed a manticore
 15538 | D:11     | Found Plog's Magic Scroll Boutique.
 15545 | D:11     | Bought a scroll of enchant armour for 90 gold pieces
 15545 | D:11     | Bought a scroll of fog for 48 gold pieces
 15545 | D:11     | Bought a scroll of identify for 24 gold pieces
 15545 | D:11     | Bought a scroll of identify for 24 gold pieces
 15627 | D:11     | Noticed a two-headed ogre
 15641 | D:11     | Killed a two-headed ogre
 15642 | D:11     | Noticed a boulder beetle
 15886 | D:11     | Noticed a fire giant
 16162 | D:11     | Noticed a swamp dragon
 16166 | D:11     | Noticed ZoeForever1's ghost (journeyman DsTm)
 16167 | D:11     | a swamp dragon changed into a komodo dragon
 16168 | D:11     | Noticed a fire crab
 16168 | D:11     | a komodo dragon changed into a fire crab
 16175 | D:11     | Found a transporter.
 16175 | D:11     | a fire crab changed into a troll
 16175 | D:11     | Noticed a centaur warrior
 16335 | D:11     | Found Enil's Book Boutique.
 16441 | D:11     | Found Uryxt's Jewellery Emporium.
 16498 | D:11     | Killed a boulder beetle
 16628 | D:11     | Reached XP level 12. HP: 80/97 MP: 14/23
 16852 | D:11     | Found a transporter.
 17071 | D:12     | Noticed a two-headed ogre
 17088 | D:12     | Killed a two-headed ogre
 17346 | D:12     | Noticed a two-headed ogre
 17367 | D:12     | Killed a two-headed ogre
 17584 | D:12     | Identified the +10 plate armour "Icimolyrph" {Rampage
                  | Regen+ MP-9}
 18007 | D:13     | Reached skill level 10 in Fighting
 18007 | D:13     | Reached skill level 10 in Polearms
 18119 | D:13     | Noticed a two-headed ogre
 18327 | D:13     | Found an ancient bone altar of Kikubaaqudgha.
 18442 | D:13     | Learned a level 4 spell: Flame Wave
 18446 | D:13     | Learned a level 3 spell: Tukima's Dance
 18556 | D:13     | Killed a two-headed ogre
 18710 | D:13     | Noticed a boulder beetle
 18710 | D:13     | Noticed a centaur warrior
 18713 | D:13     | Noticed a catoblepas
 18721 | D:13     | Slain by a cyclops

Illustrated notes

Levels and vault maps discovered:
D:1:      dpeg_arrival_prison, layout_rooms, dreamdust_princess_corridor,
          minmay_door_square
D:2:      layout_basic, serial_co_window_serial, co_window_corner_a,
          co_window_paths_a, co_window_paths_a, co_window_paths_b,
          co_window_of_opportunity_a, co_window_paths_b, co_window_paths_a,
          co_window_2corner, co_window_broadway_a, co_window_2corner,
          co_window_broadway_c, co_window_unsneaky_path_c, co_window_paths_c,
          glass_columns_a, glass_columns_a, glass_columns_b, glass_columns_b,
          glass_columns_c, dreamdust_wishing_well, hex_tiny
D:3:      layout_loops_cross, grunt_temple_overflow_open,
          shapermc_ecumenical_altar_venn, uniq_crazy_yiuf_cottage, uniq_robin,
          uniq_sigmund, uniq_jessica
D:4:      layout_cave_pools, serial_shops, kennysheep_little_box,
          kennysheep_generic_room_6
D:5:      layout_gridville, nicolae_shop_sticking_my_neck_out
D:6:      minmay_diamond_boxcup, layout_basic, nicolae_kite_square_tiling_tiny,
          kennysheep_another_room, serial_park_tiny_2
D:7:      layout_basic, lemuel_mausoleum_altar_kikubaaqudgha,
          minmay_temple_entry_ruins, kennysheep_minor_cross
D:8:      layout_basic, david_lair_shrubbed, serial_ice, serial_ice_b,
          serial_ice_a, serial_ice_i, serial_ice_g, serial_ice_c, sigmund_army,
          uniq_pikel, uniq_grum
D:9:      layout_gridville
D:10:     layout_grid_maze, orc_0_dummy
D:11:     layout_roguey, serial_curves, eino_curves_03, eino_curves_01,
          gammafunk_ghost_arena, serial_shops, shop, shop,
          nicolae_stop_n_shop_1, shop_fountains, grunt_ministairs_13,
          uniq_josephine
D:12:     layout_rooms
D:13:     minmay_the_grid_square_5x5_4x4_mashed
          [minmay_the_grid_square_5x5_shrine1,
          minmay_the_grid_square_5x5_minimal, minmay_the_grid_square_5x5_mess,
          minmay_the_grid_square_5x5_intrusive_squares,
          minmay_the_grid_square_5x5_eight_small,
          minmay_the_grid_square_5x5_prize_itemx,
          minmay_the_grid_square_5x5_prize_rear_guard,
          minmay_the_grid_square_5x5_pentomino_r,
          minmay_the_grid_square_5x5_two, minmay_the_grid_square_5x5_prize_gold,
          minmay_the_grid_square_5x5_prize_snowflake,
          minmay_the_grid_square_5x5_inverted_slash,
          minmay_the_grid_square_5x5_corner,
          minmay_the_grid_square_5x5_shuriken,
          minmay_the_grid_square_5x5_doubleslash,
          minmay_the_grid_square_5x5_dogpile], layout_basic, david_vaults_1
Temple:   nicolae_temple_bog_church

Skill      XL: |  1  2  3  4  5  6  7  8  9 10 11 12 |
---------------+-------------------------------------+-----
Invocations    | 1 2 3 4 5 6 7 8 |  8.3
Short Blades   | 1 2 3 5 6 7 |  7.6
Long Blades    | 1 2 3 5 6 7 |  7.6
Axes           | 1 2 3 5 6 7 |  7.6
Maces & Flails | 1 2 3 5 6 7 |  7.6
Staves         | 1 2 3 5 6 7 |  7.6
Ranged Weapons | 1 2 3 5 6 7 |  7.6
Throwing       | 1 2 3 5 6 7 |  7.6
Armour         | 1 2 3 5 6 7 |  7.6
Dodging        | 1 2 3 5 6 7 |  7.6
Stealth        | 1 2 3 5 6 7 |  7.6
Shields        | 1 2 3 5 6 7 |  7.6
Unarmed Combat | 1 2 3 5 6 7 |  7.6
Evocations     | 1 2 3 5 6 7 |  7.6
Spellcasting   | 3 4 5 6 7 8 |  8.1
Conjurations   | 1 2 3 4 5 6 |  6.3
Hexes          | 1 2 3 4 5 6 |  6.3
Summonings     | 1 2 3 4 5 6 |  6.3
Necromancy     | 1 2 3 4 5 6 |  6.3
Translocations | 1 2 3 4 5 6 |  6.3
Transmutations | 1 2 3 4 5 6 |  6.3
Ice Magic      | 1 2 3 4 5 6 |  6.3
Air Magic      | 1 2 3 4 5 6 |  6.3
Earth Magic    | 1 2 3 4 5 6 |  6.3
Poison Magic   | 1 2 3 4 5 6 |  6.3
Fighting       | 7 8 9 10 | 10.1
Polearms       | 7 8 9 10 | 10.1
Fire Magic     | 6 7 8 |  8.4

Action                   |  1- 3 |  4- 6 |  7- 9 | 10-12 || total
-------------------------+-------+-------+-------+-------++-------
Melee: Spear             |    49 |       |       |       ||    49
       Bite              |     7 |     8 |    21 |    19 ||    55
       Short sword       |    34 |   108 |   148 |   129 ||   419
       Punch             |     1 |       |     8 |     8 ||    17
       Quarterstaff      |       |       |       |    53 ||    53
Throw: Dart              |       |       |    11 |    37 ||    48
       Boomerang         |       |       |       |     1 ||     1
 Cast: Scorch            |    11 |    25 |   145 |   283 ||   464
       Mephitic Cloud    |       |       |       |    10 ||    10
       Swiftness         |       |       |       |     2 ||     2
       Tukima's Dance    |       |       |       |     5 ||     5
Invok: Fiery Armour      |       |       |     1 |     1 ||     2
Evoke: Wand              |       |       |     1 |     1 ||     2
  Use: Scroll            |       |       |    10 |    10 ||    20
       Potion            |       |       |       |     1 ||     1
 Stab: Sleeping          |     1 |     2 |     5 |     2 ||    10
       Confused          |       |       |       |     2 ||     2
       Distracted        |       |       |       |     1 ||     1
Armor: Robe              |    17 |    33 |    89 |   165 ||   304
       Skin              |       |       |       |    33 ||    33
Dodge: Dodged            |    39 |    98 |   116 |   212 ||   465
